Match 46035808
Unlisted

Match 46035808
End
Kettenkrad Recon Vehicle
Construct Infanterie Kompanie
Grenadier Squad
Selects Mechanized Battlegroup
MG 42 Machine Gun Team
Grenadier Squad
Construct Luftwaffe Kompanie
221 Scout Car
Selects Raid Package
Support Elements
Pioneer Squad
Selects 8 Rad Armored Car
8 Rad Armored Car
8 Rad Armored Car
Pioneer Squad
8 Rad Armored Car
Pioneer Squad
Repair Bunker
Wirbelwind Flakpanzer
Selects Mobile Repair Stations
Selects Wespe Self-propelled Artillery
Wespe Self-propelled Artillery
Wespe Self-propelled Artillery
rudyrydz
小学猫
二营长的意大利面
kya100789
Kampfstärke
Ryan
Orange
-97
0
0

Comments sign in to comment!

No comments posted yet!